 Dungeon Crawl Stone Soup version 0.25.1-2-g60ff931df9 (webtiles) character file.

Game seed: 17364542846084235578

2127 Atelerd the Stinger (level 9, 0/54 HPs)
             Began as an Octopode Venom Mage on July 30, 2020.
             Slain by an ice beast (10 damage)
             ... on level 6 of the Dungeon.
             The game lasted 00:09:59 (5774 turns).

Atelerd the Stinger (Octopode Venom Mage)           Turns: 5774, Time: 00:09:59

Health: 0/54       AC:  1    Str: 13    XL:     9   Next: 29%
Magic:  6/19       EV: 13    Int: 20    God:
Gold:   266        SH:  0    Dex: 13    Spells: 9/21 levels left

rFire    . . .     SeeInvis .   x - +2 dagger (protect)
rCold    . . .     Gourm    .   (no shield)
rNeg     . . .     Faith    .   (helmet restricted)
rPois    .         Spirit   .   a - amulet of reflection
rElec    .         Reflect  +   e - ring of resist corrosion
rCorr    +         Harm     .   j - ring of stealth
MR       .....                  D - +6 ring of strength
Stlth    +++.......             (no ring)
HPRegen  0.18/turn              (no ring)
MPRegen  0.16/turn              (no ring)
                                (no ring)
                                (no ring)

@: confused
A: almost no armour, stealthy swim, amphibious, 8 rings, constrict 8, camouflage
1, gelatinous body 1
a: no special abilities


You were on level 6 of the Dungeon.
You were not hungry.

You visited 1 branch of the dungeon, and saw 6 of its levels.

You collected 266 gold pieces.

Inventory:

Hand Weapons
 d - a +2 short sword of draining
 l - a +0 dagger
 t - a +0 dagger of speed
 x - a +2 dagger of protection (weapon)
 A - a +1 trident of protection
Magical Staves
 h - an uncursed staff of energy
Jewellery
 a - an amulet of reflection (around mantle)
 e - a ring of resist corrosion (left tentacle)
 j - a ring of stealth (right tentacle)
 C - an uncursed ring of fire
 D - a +6 ring of strength (on tentacle)
Wands
 B - a wand of paralysis (8)
 E - a wand of random effects (43)
Scrolls
 c - a scroll of random uselessness
 f - a scroll of fear
 k - a scroll of magic mapping {unknown}
 p - 3 scrolls of remove curse
 q - a scroll of blinking
 r - 2 scrolls of enchant weapon
 v - 2 scrolls of amnesia {unknown}
 y - a scroll of teleportation {unknown}
Potions
 g - a potion of curing {unknown}
 i - 3 potions of heal wounds
 m - a potion of cancellation {unknown}
 n - a potion of might {unknown}
 o - a potion of flight {unknown}
 s - 2 potions of lignification {unknown}
 u - 2 potions of brilliance {unknown}
 w - 2 potions of stabbing {unknown}
 z - a potion of degeneration {unknown}
Comestibles
 b - 7 rations
 F - 4 chunks of flesh


   Skills:
 - Level 2.0 Fighting
 - Level 2.0 Dodging
 - Level 5.0 Stealth
 * Level 6.6 Spellcasting
 + Level 2.9 Conjurations
 + Level 4.8 Transmutations
 + Level 2.9 Fire Magic
 + Level 2.9 Air Magic
 - Level 7.1 Poison Magic


You had 9 spell levels left.
You knew the following spells:

 Your Spells              Type           Power        Failure   Level  Hunger
a - Sting                 Tmut/Pois      ####         1%          1    None
b - Mephitic Cloud        Conj/Pois/Air  ###.....     4%          3    #......
c - Magic Dart            Conj           ###.         3%          1    None
d - Ignite Poison         Fire/Tmut/Pois ####....     3%          3    #......
e - Olgreb's Toxic Radia  Pois           #####...     5%          4    ###....

Your spell library contained the following spells:

 Spells                   Type           Power        Failure   Level  Hunger
 Poisonous Vapours        Pois/Air       ####..       1%          2    None
 Searing Ray              Conj           ###...       4%          2    None
 Dazzling Flash           Conj/Hex       ##....       16%         3    #......
 Fulminant Prism          Conj/Hex       ##........   47%         4    ###....
 Iskenderun's Mystic Bla  Conj/Tloc      ##......     47%         4    ###....


Dungeon Overview and Level Annotations

Branches:
Dungeon (6/15)
 Temple: D:4-7

Altars:

Annotations:
D:3 Grinder
D:4 exclusion: downstairs
D:5 2 runed translucent doors, iamyoyoman's ghost, novice DrTm


Innate Abilities, Weirdness & Mutations

You cannot wear most types of armour.
You are very stealthy in the water. (Stealth+)
You are amphibious.
You can wear up to eight rings at the same time.
You can use your tentacles to constrict eight enemies at once.
Your skin changes colour to match your surroundings (Stealth+).
Your rubbery body absorbs attacks. (AC +1, EV +1)


Message History

Confirm with . or Enter, or press ? or * to list all spells.
All monsters which could be auto-targeted are covered by a wall or statue which interrupts your line of fire, even though it doesn't interrupt your line of sight.
Aiming: Mephitic Cloud (dangerous; 4% risk of failure)
Press: ? - help, Shift-Dir - straight line, f - ice beast
Aim: an ice beast That beam is likely to hit you.
Continue anyway?
The ball explodes into a vile cloud!
The stinking cloud engulfs the ice beast but does no damage.
The stinking cloud engulfs you but does no damage.
You are engulfed in noxious fumes.
You choke on the stench!
You are confused.
The ice beast hits you. The ice beast freezes you!
* * * LOW HITPOINT WARNING * * *
Unknown command.
You are engulfed in noxious fumes.
You choke on the stench!
You are more confused.
The ice beast hits you.
* * * LOW HITPOINT WARNING * * *
The ice beast freezes you!
You die...

..# ... ...... #. ....≈≈
###.... ..... .###.r..≈≈
).#.... .... .......≈≈
....... p. .... #)......≈
......# #.###... #####.†.#
......# #...#..# #..r)r..#
......#
#......####r###.#.#
..########...##.○Y○°r#
#...#
#.#.............@#####
#.#... #.....###..p.....#
#.#.....
....#.......(...########.#
####
....##.#.............<####
....'..#....##.######.#
.)..##.#....'..#
....##.##...####
.......##...#
###.#####...#


You could see an ice beast, 2 river rats and 2 neutral freed slaves.

Vanquished Creatures
  Pikel (D:6)
  Sigmund (D:2)
  Edmund (D:4)
  Duvessa (D:6)
  A slave (D:6)
  2 ogres
  A phantom (D:4)
  A centaur (D:5)
  Blork the orc (D:5)
  A gnoll sergeant (D:5)
  Dowan (D:6)
  A scorpion (D:4)
  A howler monkey (D:6)
  A crimson imp (D:5)
  2 hounds (D:5)
  2 jellies
  An orc priest (D:6)
  3 orc wizards
  Jessica (D:2)
  Terence (D:2)
  Natasha (thrice) (D:2)
  An iguana (D:5)
  2 worker ants
  A hound skeleton (D:4)
  9 gnolls
  6 adders
  2 shadow imps (D:5)
  A worm (D:2)
  5 dart slugs
  3 leopard geckos
  10 orcs
  3 bats
  8 giant cockroaches
  3 goblins
  8 hobgoblins
  7 jackals (D:2)
  3 quokkas
  2 frilled lizards
  3 kobolds
  12 rats
117 creatures vanquished.

Vanquished Creatures (others)
  A jelly (D:6)
1 creature vanquished.

Grand Total: 118 creatures vanquished

Notes
Turn   | Place    | Note
-------+----------+-------------------------------------------
     0 | D:1      | Atelerd the Octopode Venom Mage began the quest for the
                  | Orb.
     0 | D:1      | Reached XP level 1. HP: 11/11 MP: 3/3
   428 | D:1      | Reached XP level 2. HP: 18/18 MP: 5/5
   580 | D:1      | Reached skill level 4 in Poison Magic
   812 | D:1      | Reached XP level 3. HP: 22/22 MP: 6/6
   817 | D:1      | Learned a level 3 spell: Mephitic Cloud
  1136 | D:2      | Reached skill level 1 in Fighting
  1363 | D:2      | Reached XP level 4. HP: 28/28 MP: 8/8
  1409 | D:2      | Noticed Natasha
  1427 | D:2      | Killed Natasha
  1435 | D:2      | Noticed Natasha
  1444 | D:2      | HP: 1/28 [Natasha (2)]
  1445 | D:2      | Killed Natasha
  1781 | D:2      | Noticed Natasha
  1788 | D:2      | Killed Natasha
  1788 | D:2      | Reached XP level 5. HP: 32/33 MP: 5/9
  1797 | D:2      | Noticed Sigmund
  1828 | D:2      | Killed Sigmund
  1828 | D:2      | Reached skill level 5 in Poison Magic
  1828 | D:2      | Reached XP level 6. HP: 39/39 MP: 3/11
  2127 | D:2      | Noticed Jessica
  2146 | D:2      | Killed Jessica
  2335 | D:2      | Noticed Terence
  2351 | D:2      | Killed Terence
  2663 | D:3      | Noticed Grinder
  2671 | D:3      | Learned a level 4 spell: Olgreb's Toxic Radiance
  2850 | D:4      | Reached XP level 7. HP: 45/45 MP: 8/13
  2922 | D:4      | Noticed Edmund
  2943 | D:4      | Killed Edmund
  2943 | D:4      | Reached skill level 6 in Poison Magic
  3035 | D:4      | Reached skill level 5 in Stealth
  3222 | D:4      | Learned a level 3 spell: Ignite Poison
  3398 | D:4      | Learned a level 1 spell: Magic Dart
  4093 | D:5      | Entered Level 5 of the Dungeon
  4096 | D:5      | Reached skill level 7 in Poison Magic
  4096 | D:5      | Reached XP level 8. HP: 50/50 MP: 7/15
  4096 | D:5      | Reached skill level 5 in Spellcasting
  4674 | D:5      | Reached skill level 1 in Air Magic
  4675 | D:5      | Noticed Blork the orc
  4683 | D:5      | Reached skill level 1 in Conjurations
  4690 | D:5      | Killed Blork the orc
  4690 | D:5      | Reached skill level 1 in Fire Magic
  5226 | D:5      | Found a runed translucent door.
  5238 | D:5      | Found a runed translucent door.
  5238 | D:5      | Noticed iamyoyoman's ghost (novice DrTm)
  5548 | D:6      | Noticed Dowan
  5549 | D:6      | Noticed Duvessa
  5551 | D:6      | Noticed Pikel
  5556 | D:6      | Killed Dowan
  5563 | D:6      | Killed Pikel
  5563 | D:6      | Reached XP level 9. HP: 54/54 MP: 0/18
  5563 | D:6      | Killed Duvessa
  5774 | D:6      | Slain by an ice beast

Illustrated notes

Levels and vault maps discovered:
D:1:      dpeg_arrival_rooms_c, layout_loops_cross
D:2:      layout_basic, uniq_natasha, uniq_sigmund, uniq_jessica, uniq_terence
D:3:      layout_basic, uniq_ijyb, uniq_grinder
D:4:      layout_cave_pods, first_ration, uniq_edmund
D:5:      layout_cave_pools, serial_gnoll_camp, gnoll_camp_mini_loothouse,
          gnoll_camp_mini_hut, gnoll_camp_mini_hut, gnoll_camp_mini_hut,
          ebering_ghost_sewer_f, uniq_blork_the_orc
D:6:      layout_basic, minmay_overflow_temple_hex, portal_sewer_entry_a,
          uniq_pikel, uniq_duvessa

Skill      XL: |  1  2  3  4  5  6  7  8 |
---------------+-------------------------+-----
Stealth        | 3 4 5 |  5.0
Poison Magic   | 4 5 7 |  7.1
Fighting       | 1 2 |  2.0
Spellcasting   | 3 4 6 |  6.6
Transmutations | 2 3 4 |  4.8
Air Magic      | 2 |  2.9
Conjurations   | 2 |  2.9
Fire Magic     | 2 |  2.9
Dodging        | |  2.0

Action                   |  1- 3 |  4- 6 |  7- 9 || total
-------------------------+-------+-------+-------++-------
Melee: Unarmed           |     9 |       |       ||     9
       Constrict         |    17 |    14 |    17 ||    48
       Short sword       |    51 |    16 |    17 ||    84
       Tentacles         |     9 |     5 |    11 ||    25
       Dagger            |       |    34 |     8 ||    42
       Staff             |       |       |    46 ||    46
 Cast: Sting             |     4 |    31 |    25 ||    60
       Mephitic Cloud    |       |     2 |    12 ||    14
       Magic Dart        |       |       |    13 ||    13
       Ignite Poison     |       |       |    15 ||    15
       Olgreb's Toxic Ra |       |       |    13 ||    13
Evoke: Wand              |       |       |     3 ||     3
  Use: Scroll            |       |     5 |     2 ||     7
 Stab: Sleeping          |     8 |     6 |     2 ||    16
       Confused          |       |     4 |     1 ||     5
       Paralysed         |       |       |     1 ||     1
  Eat: Chunk             |     1 |     5 |     8 ||    14
       Ration            |       |       |     1 ||     1
Armor: Skin              |     4 |       |     4 ||     8
Dodge: Dodged            |    42 |    25 |    42 ||   109
Block: Other             |     8 |    12 |    19 ||    39
       Reflection        |       |       |     1 ||     1
